 Dungeon Crawl Stone Soup version 0.27-a0-242-ge0fc76b88b (webtiles) character file.

Game seed: 17215298382054221916

25 tilp the Covert (level 3, 0/35 HPs)
             Began as a Gnoll Delver on Feb 2, 2021.
             Succumbed to an adder's poison
             ... in a sewer.
             The game lasted 00:03:05 (686 turns).

tilp the Covert (Gnoll Delver)                       Turns: 686, Time: 00:03:06

Health: 0/35       AC:  3    Str: 11    XL:     3   Next: 4%
Magic:  3/3        EV: 13    Int: 10    God:
Gold:   23         SH:  0    Dex: 13    Spells: 3/3 levels left

rFire    . . .     SeeInvis .   a - +0 mace
rCold    . . .     Faith    .   (no shield)
rNeg     . . .     Spirit   .   b - +0 leather armour
rPois    .         Reflect  .   (no helmet)
rElec    .         Harm     .   (no cloak)
rCorr    .         Rampage  .   (no gloves)
Will     .....                  (no boots)
Stlth    ++........             (no amulet)
HPRegen  0.11/turn              (no ring)
MPRegen  0.08/turn              (no ring)

@: mighty, lethally poisoned (0 -> -4), very slow
A: distributed training, fangs 1, strong nose
a: no special abilities


You were in a sewer.
You visited 1 branch of the dungeon, and saw 1 of its levels.
You also visited: Sewer.

You collected 23 gold pieces.

Inventory:

Hand Weapons
 a - a +0 mace (weapon)
Missiles
 d - 5 stones
 j - 5 poisoned darts (quivered)
Armour
 b - a +0 leather armour (worn)
Wands
 g - a wand of digging (2)
Scrolls
 c - a scroll of fog
 e - 2 scrolls of fear
 h - a scroll of vulnerability {unknown}
 i - a scroll of blinking {unknown}
Potions
 f - a potion of haste


   Skills:
 + Level 6.5 Fighting
 + Level 0.5 Short Blades
 + Level 0.5 Long Blades
 + Level 0.5 Axes
 + Level 4.5 Maces & Flails
 + Level 0.5 Polearms
 + Level 0.5 Staves
 + Level 0.5 Slings
 + Level 0.5 Bows
 + Level 0.5 Crossbows
 + Level 0.5 Throwing
 + Level 0.5 Armour
 + Level 4.5 Dodging
 + Level 9.5 Stealth
 + Level 0.5 Shields
 + Level 0.5 Unarmed Combat
 + Level 0.5 Spellcasting
 + Level 0.4 Conjurations
 + Level 0.4 Hexes
 + Level 0.4 Summonings
 + Level 0.4 Necromancy
 + Level 0.4 Translocations
 + Level 0.4 Transmutations
 + Level 0.4 Fire Magic
 + Level 0.4 Ice Magic
 + Level 0.4 Air Magic
 + Level 0.4 Earth Magic
 + Level 0.4 Poison Magic
 + Level 0.7 Invocations
 + Level 0.5 Evocations


You had 3 spell levels left.
You didn't know any spells.
Your spell library was empty.

Dungeon Overview and Level Annotations

Branches:
Dungeon (5/15)              Sewer (1/1)
 Temple: D:4-7

Altars:


Innate Abilities, Weirdness & Mutations

Your experience applies equally to all skills.
You have very sharp teeth.
Your uncanny sense of smell can sniff out nearby items.


Message History

You feel sick.
* * * LOW HITPOINT WARNING * * *
You feel sick.
* * * LOW HITPOINT WARNING * * *
You feel sick.
* * * LOW HITPOINT WARNING * * *
You feel sick.
* * * LOW HITPOINT WARNING * * *
You feel sick.
* * * LOW HITPOINT WARNING * * *
You feel sick.
* * * LOW HITPOINT WARNING * * *
You feel sick.
You enter the shallow water.
Moving in this stuff is going to be slow.
* * * LOW HITPOINT WARNING * * *
You feel sick.
You enter the shallow water.
Moving in this stuff is going to be slow.
You die...

#≈≈. #≈≈. #.≈.# ## #.≈..## ≈
≈##### #≈≈≈≈.#####≈.
≈≈≈≈≈####### .≈≈..≈≈≈..≈
≈###≈≈.≈.≈≈## #≈≈≈≈≈≈≈≈. ##
#.≈≈≈≈≈≈.# #@..≈.≈.# .≈
.###≈≈.≈..≈.####...≈..≈## #.≈..
≈≈≈≈≈####≈.≈≈##.≈.≈≈.≈.≈##≈.≈.#
≈##### ##....≈....≈..≈.≈.≈.≈#
## ##≈≈≈.≈..≈..≈..≈≈≈≈#
#≈..≈.≈.....≈≈≈.≈≈#
#≈≈≈≈.≈≈∩.∩≈≈≈≈.≈≈#
#≈.≈.≈≈......≈.≈≈≈# ##
##≈≈≈.≈≈......≈.≈.≈##


There were no monsters in sight!

Vanquished Creatures
  An adder (Sewer)
  2 worms (Sewer)
  6 kobolds (Sewer)
  A quokka (D:5)
  2 rats (Sewer)
12 creatures vanquished.

Notes
Turn   | Place    | Note
-------+----------+-------------------------------------------
     0 | D:5      | Reached skill level 9 in Stealth
     0 | D:5      | tilp the Gnoll Delver began the quest for the Orb.
     0 | D:5      | Reached XP level 1. HP: 23/23 MP: 1/1
    43 | D:5      | Noticed a worker ant
    78 | D:5      | Noticed a worker ant
    99 | D:5      | Noticed a centaur
   146 | D:5      | Found a glowing drain.
   151 | Sewer    | Entered a sewer
   222 | Sewer    | Noticed a big kobold
   260 | Sewer    | Reached XP level 2. HP: 25/29 MP: 2/2
   385 | Sewer    | Noticed a big kobold
   433 | Sewer    | Noticed a big kobold
   673 | Sewer    | Reached XP level 3. HP: 10/35 MP: 3/3
   683 | Sewer    | HP: 1/35 [poisoned by an adder]
   686 | Sewer    | Succumbed to an adder's poison

Illustrated notes

Levels and vault maps discovered:
D:5:      layout_basic, zin_purify, gup_sewer_entry_bowl,
          chequers_serial_rivers_micro_d
Sewer:    sewer_co_tree

Skill      XL: | |
---------------+-+-----
Stealth        | |  9.5
Fighting       | |  6.5
Short Blades   | |  0.5
Long Blades    | |  0.5
Axes           | |  0.5
Maces & Flails | |  4.5
Polearms       | |  0.5
Staves         | |  0.5
Slings         | |  0.5
Bows           | |  0.5
Crossbows      | |  0.5
Throwing       | |  0.5
Armour         | |  0.5
Dodging        | |  4.5
Shields        | |  0.5
Unarmed Combat | |  0.5
Spellcasting   | |  0.5
Conjurations   | |  0.4
Hexes          | |  0.4
Summonings     | |  0.4
Necromancy     | |  0.4
Translocations | |  0.4
Transmutations | |  0.4
Fire Magic     | |  0.4
Ice Magic      | |  0.4
Air Magic      | |  0.4
Earth Magic    | |  0.4
Poison Magic   | |  0.4
Invocations    | |  0.7
Evocations     | |  0.5

Action                   || total
-------------------------++-------
Melee: Mace              ||    41
       Bite              ||     1
Throw: Stone             ||     7
Evoke: Wand              ||     1
  Use: Scroll            ||     1
       Potion            ||     1
 Stab: Sleeping          ||     4
Armor: Leather armour    ||     4
Dodge: Dodged            ||    25

Table legend: (Time is in decaauts)
 A = Elapsed time spent in this place.
 B = Non-inter-level travel time spent in this place.
 C = Inter-level travel time spent in this place.
 D = Time resting spent in this place.
 E = Time spent auto-exploring this place.
 F = Levels seen in this place.
 G = Mean time per level.
                   A        B        C        D        E       F      G
               +--------+--------+--------+--------+--------+-----+--------+
         Total |    812 |    783 |     29 |    190 |      0 |   2 |  406.0 |
       Dungeon |    151 |    122 |     29 |      0 |      0 |   1 |  151.0 |
         Sewer |    660 |    660 |      0 |    190 |      0 |   1 |  660.0 |
               +--------+--------+--------+--------+--------+-----+--------+

Top non-repeatable levels by time:
   Sewer: 660 daAuts
     D:5: 151 daAuts
